 Dungeon Crawl Stone Soup version 0.30.1-4-g462c640d31 (webtiles) character file.

Game seed: 3820393739910336567

300 Kranky the Trooper (level 6, -2/53 HPs)
             Began as a Draconian Wanderer on Aug 24, 2023.
             Slain by an iguana (12 damage)
             ... on level 4 of the Dungeon.
             The game lasted 00:04:20 (2321 turns).

Kranky the Trooper (Draconian Wanderer)             Turns: 2321, Time: 00:04:20

Health: -2/53      AC:  7    Str: 14    XL:     6   Next: 13%
Magic:  6/6        EV: 12    Int: 11    God:
Gold:   178        SH:  0    Dex: 14    Spells: 5/5 levels left

rFire   . . .        a - +3 sling
rCold   . . .        (no shield)
rNeg    . . .        (body armour unavailable)
rPois   .            (helmet restricted)
rElec   .            (no cloak)
rCorr   .            b - +0 pair of gloves
SInv    .            (no boots)
Will    +....        (no amulet)
Stlth   ++           e - ring of willpower
HPRegen 0.28/turn    (no ring)
MPRegen 0.10/turn

%: no passive effects
@: no status effects
A: AC +6, unfitting armour, cold-blooded
a: no special abilities


You were on level 4 of the Dungeon.
You visited 1 branch of the dungeon, and saw 4 of its levels.

You collected 178 gold pieces.

Inventory:

Hand Weapons
 a - a +3 sling (weapon)
 i - a +0 dagger
 l - a +0 spear
 u - a +2 vampiric short sword
Armour
 b - a +0 pair of gloves (worn)
Jewellery
 e - a ring of willpower (left hand)
 g - an amulet of faith
 m - a ring of protection from cold
Wands
 q - a wand of flame (10)
Scrolls
 c - a scroll of summoning
 d - a scroll of enchant weapon {unknown}
 f - 7 scrolls of identify {unknown}
 h - a scroll of blinking {unknown}
 n - 3 scrolls of teleportation {unknown}
 p - a scroll of fear {unknown}
Potions
 j - a potion of lignification {unknown}
 k - 4 potions of mutation {unknown}
 o - 2 potions of degeneration {unknown}
 r - 4 potions of magic {unknown}
 s - a potion of curing {unknown}
 t - 2 potions of might {unknown}


   Skills:
 + Level 4.6 Fighting
 + Level 3.8 Ranged Weapons
 + Level 2.8 Dodging
 - Level 2.0 Stealth
 + Level 3.0 Evocations


You had 5 spell levels left.
You didn't know any spells.
Your spell library contained the following spells:

 Spells                   Type           Power      Damage    Failure   Level
 Shock                    Conj/Air       0%         1d3       34%         1
 Slow                     Hex            0%         N/A       34%         1
 Confusing Touch          Hex            0%         N/A       71%         3
 Swiftness                Air            0%         N/A       71%         3
 Vampiric Draining        Necr           0%         2d6       71%         3
 Airstrike                Air            0%         2d(0-16)  98%         4


Dungeon Overview and Level Annotations

Branches:
Dungeon (4/15)
 Temple: D:4-7

Altars:

Shops:
D:4 **

Annotations:
D:4 1 runed translucent door


Innate Abilities, Weirdness & Mutations

Your plain brown scales are hard. (AC +6)
You cannot fit into any form of body armour.
You are cold-blooded and may be slowed by cold attacks.


Message History

You are too injured to fight recklessly!
You are too injured to fight recklessly!
You are too injured to fight recklessly!
You are too injured to fight recklessly!
Fire: a) +3 sling
Press: ? - help, Q - select action, (/) - cycle Shift-Dir - straight line, f/p - iguana
Aim: an iguana (severely wounded, 66% to hit)
You shoot a sling bullet.
The sling bullet hits the iguana but does no damage.
The iguana is severely wounded.
The iguana bites you.
Fire: a) +3 sling
Press: ? - help, Q - select action, (/) - cycle Shift-Dir - straight line, f/p - iguana
Aim: an iguana (severely wounded, 66% to hit)
You shoot a sling bullet.
The sling bullet barely misses the iguana.
The iguana bites you but does no damage.
Fire: a) +3 sling
Press: ? - help, Q - select action, (/) - cycle Shift-Dir - straight line, f/p - iguana
Aim: an iguana (severely wounded, 66% to hit)
You shoot a sling bullet. The sling bullet hits the iguana.
The iguana is almost dead.
The iguana bites you but does no damage.
The iguana bites you!
* * * LOW HITPOINT WARNING * * *
Fire: a) +3 sling
Press: ? - help, Q - select action, (/) - cycle Shift-Dir - straight line, f/p - iguana
Aim: an iguana (almost dead, 66% to hit)
You shoot a sling bullet.
The sling bullet closely misses the iguana.
The iguana bites you but does no damage.
The iguana attacks as you move away!
The iguana bites you but does no damage.
You see here a +0 chain mail.
The iguana attacks as you move away! The iguana barely misses you.
The iguana attacks as you move away! The iguana completely misses you.
The iguana attacks as you move away! The iguana bites you.
* * * LOW HITPOINT WARNING * * *
The iguana attacks as you move away! The iguana bites you!
You die...

......>. ....#S#.
........ #...#+#
........######.....
.......#8∩8#....####
............#.......##
.##.##.....#...## ..#
#####..#..........###.#
#.......#8∩8#####<.##.#
##.....@.###### ##.##..
.......l......# #.....
..............#########.
#...........#.........##
##...........#.### #...
#######.###...# ####
#####...####..# #..
##...#....###..#### #.#
##...†[.....##.......##.#


You could see an iguana.

Vanquished Creatures
  Grinder (D:3)
  6 adders
  A dart slug (D:2)
  5 ball pythons
  5 endoplasms
  4 giant cockroaches
  3 goblins
  4 hobgoblins
  6 jackals (D:2)
  2 quokkas
  5 bats
  3 frilled lizards
  10 kobolds
  A rat (D:2)
56 creatures vanquished.

Notes
Turn   | Place    | Note
-------+----------+-------------------------------------------
     0 | D:1      | Kranky the Draconian Wanderer began the quest for the Orb.
     0 | D:1      | Kranky set off with the following items: a +3 sling, a +0
                  | pair of gloves, a scroll of summoning.
     0 | D:1      | Reached XP level 1. HP: 19/19 MP: 1/1
   127 | D:1      | Reached XP level 2. HP: 26/26 MP: 2/2
   404 | D:1      | Found a faded altar of an unknown god.
   676 | D:2      | Reached XP level 3. HP: 31/31 MP: 3/3
  1142 | D:2      | Reached XP level 4. HP: 31/40 MP: 4/4
  1588 | D:3      | Noticed Grinder
  1597 | D:3      | Paralysed by Grinder for 3 turns
  1609 | D:3      | Killed Grinder
  1610 | D:3      | Reached skill level 4 in Fighting
  1610 | D:3      | Reached XP level 5. HP: 19/47 MP: 5/5
  1610 | D:3      | Reached XP level 6. HP: 21/53 MP: 6/6
  2254 | D:4      | Found Nume's Specific Store.
  2256 | D:4      | Found a runed translucent door.
  2257 | D:4      | Found Xyocafah's General Store.
  2321 | D:4      | Slain by an iguana

Illustrated notes

Levels and vault maps discovered:
D:1:      heliophobic_arrival_ceremonial_halls, layout_rooms,
          shapermc_ecumenical_altar_hornbeckon, nicolae_titane
D:2:      layout_loops_corners, minmay_pentomino_v2
D:3:      layout_loops_ring, chequers_arboretum, uniq_grinder
D:4:      layout_rooms, ebering_ghost_sewer_d, kennysheep_diamond,
          hangedman_decor_push, nicolae_specific_store

Skill      XL: |  1  2  3  4  5  6 |
---------------+-------------------+-----
Stealth        | 2 |  2.0
Ranged Weapons | 3 |  3.8
Evocations     | 2 3 |  3.0
Dodging        | 2 |  2.8
Fighting       | 4 |  4.6

Action                     |  1- 3 |  4- 6 || total
---------------------------+-------+-------++-------
   Fire: Sling             |    79 |    87 ||   166
  Evoke: Wand              |       |     4 ||     4
 Armour: Skin              |    13 |    28 ||    41
  Dodge: Dodged            |    41 |    30 ||    71
